 Dungeon Crawl Stone Soup version 0.30-a0-1094-g860fb061e7 (webtiles) character file.

Game seed: 4214559921083981088

46 Arzdou the Gusty (level 3, -4/26 HPs)
             Began as a Draconian Air Elementalist on Apr 17, 2023.
             Slain by a gnoll
             ... wielding a +0 halberd
              (10 damage)
             ... on level 2 of the Dungeon.
             The game lasted 00:03:11 (1509 turns).

Arzdou the Gusty (Draconian Air Elementalist)       Turns: 1509, Time: 00:03:12

Health: -4/26      AC:  5    Str: 10    XL:     3   Next: 46%
Magic:  0/6        EV: 12    Int: 17    God:
Gold:   104        SH:  0    Dex: 11    Spells: 4/7 levels left

rFire   . . .      SeeInvis .    b - +0 dagger
rCold   . . .      Faith    .    (no shield)
rNeg    . . .      Spirit   .    (body armour unavailable)
rPois   .          Reflect  .    (helmet restricted)
rElec   .          Rampage  .    (no cloak)
rCorr   .                        (no gloves)
Will    .....                    (no boots)
Stlth   ++                       (no amulet)
HPRegen 0.24/turn                (no ring)
MPRegen 0.10/turn                (no ring)

@: no status effects
A: AC +5, unfitting armour, cold-blooded
a: no special abilities


You were on level 2 of the Dungeon.
You visited 1 branch of the dungeon, and saw 2 of its levels.

You collected 104 gold pieces.

Inventory:

Hand Weapons
 b - a +0 dagger (weapon)
Scrolls
 d - a scroll of enchant armour {unknown}
 e - a scroll of acquirement {unknown}
 f - a scroll of enchant weapon {unknown}
 g - a scroll of identify {unknown}
Potions
 a - a potion of magic
 c - a potion of degeneration {unknown}
 h - 3 potions of curing {unknown}


   Skills:
 + Level 1.9 Dodging
 + Level 2.2 Stealth
 + Level 2.5 Spellcasting
 * Level 1.3 Conjurations
 * Level 3.6 Air Magic


You had 4 spell levels left.
You knew the following spells:

 Your Spells              Type           Power      Damage    Failure   Level
a - Shock                 Conj/Air       40%        1d5       7%          1
b - Static Discharge      Conj/Air       20%        2-3/arc   10%         2

Your spell library contained the following spells:

 Spells                   Type           Power      Damage    Failure   Level
 Swiftness                Air            14%        N/A       12%         3
 Airstrike                Air            7%         2d(1-17)  38%         4


Dungeon Overview and Level Annotations

Branches:
Dungeon (2/15)

Altars:


Innate Abilities, Weirdness & Mutations

Your plain brown scales are hard. (AC +5)
You cannot fit into any form of body armour.
You are cold-blooded and may be slowed by cold attacks.


Message History

The gnoll barely misses you.
The zap hits the gnoll.
You kill the gnoll!
HP restored.
Magic restored.
Done exploring.
You climb downwards.
The gnoll misses you.
There is a stone staircase leading up here.
The gnoll barely misses you.
The zap hits the gnoll but does no damage.
The gnoll barely misses you.
Casting: Shock (safe; 7% risk of failure)
Confirm with . or Enter, or press ? or * to list all spells.
The gnoll is struck by an arc of lightning.
The gnoll is lightly wounded.
You are struck by an arc of lightning.
The lightning grounds out.
The gnoll completely misses you. The gnoll hits you with a +0 halberd.
The zap hits the gnoll.
The gnoll is heavily wounded.
The gnoll misses you.
The zap hits the gnoll.
The gnoll is heavily wounded.
The gnoll hits you with a +0 halberd.
The zap hits the gnoll.
The gnoll is severely wounded.
The gnoll closely misses you.
You are out of magic!
You are out of magic!
You hit the gnoll but do no damage.
The gnoll is severely wounded.
The gnoll hits you with a +0 halberd!
You hit the gnoll but do no damage.
The gnoll is severely wounded.
The gnoll hits you with a +0 halberd.
* * * LOW HITPOINT WARNING * * *
You barely miss the gnoll.
The gnoll is severely wounded.
The gnoll hits you with a +0 halberd!
You die...

#.........# ##.
##...#.#### #..
.######.#...# #..
............# #..
#######.#...# ##.
##'##### ## ##...## #
##g.[..## ### #
##@......## ##.###
#.<.......####...##
.....'.........+........
...###.........####.....
. ##.......## ##..##
##.....## ##.## ##...##
#.## ##'## #.#. #.# #.#.


You could see a gnoll.

Vanquished Creatures
  A gnoll (D:1)
  A dart slug (D:1)
  5 ball pythons
  7 bats (D:1)
  3 endoplasms
  A giant cockroach (D:1)
  3 hobgoblins
  A quokka (D:1)
  A frilled lizard (D:2)
  3 goblins (D:1)
  3 kobolds
  4 rats (D:1)
33 creatures vanquished.

Notes
Turn   | Place    | Note
-------+----------+-------------------------------------------
     0 | D:1      | Arzdou the Draconian Air Elementalist began the quest for
                  | the Orb.
     0 | D:1      | Reached XP level 1. HP: 14/14 MP: 3/3
   138 | D:1      | Reached XP level 2. HP: 17/20 MP: 1/5
   169 | D:1      | Learned a level 2 spell: Static Discharge
   310 | D:1      | Found a faded altar of an unknown god.
  1135 | D:1      | Reached XP level 3. HP: 26/26 MP: 4/6
  1509 | D:2      | Slain by a gnoll

Illustrated notes

Levels and vault maps discovered:
D:1:      dpeg_arrival_ternary, layout_basic,
          shapermc_ecumenical_altar_mp_highgroup, minmay_pentomino_q4
D:2:      layout_loops_corners, wad_floor_pattern_untrapped

Skill      XL: |  1 |
---------------+----+-----
Stealth        | 2 |  2.2
Dodging        | |  1.9
Spellcasting   | |  2.5
Conjurations   | |  1.3
Air Magic      | |  3.6

Action                     || total
---------------------------++-------
  Melee: Dagger            ||    36
         Unarmed           ||     8
         Tailslap          ||     4
         Punch             ||     1
   Cast: Shock             ||    62
         Static Discharge  ||     7
 Armour: Skin              ||    16
  Dodge: Dodged            ||    45

Table legend: (Time is in decaauts)
 A = Elapsed time spent in this place.
 B = Non-inter-level travel time spent in this place.
 C = Inter-level travel time spent in this place.
 D = Time resting spent in this place.
 E = Time spent auto-exploring this place.
 F = Levels seen in this place.
 G = Mean time per level.
                   A        B        C        D        E       F      G
               +--------+--------+--------+--------+--------+-----+--------+
         Total |   1509 |   1502 |      7 |      0 |   1265 |   2 |  754.5 |
       Dungeon |   1509 |   1502 |      7 |      0 |   1265 |   2 |  754.5 |
               +--------+--------+--------+--------+--------+-----+--------+

Top non-repeatable levels by time:
     D:1: 1269 daAuts
     D:2: 240 daAuts
